AoeStats
← No Atro

Highland

506732786Analyzed
3v3 RM · 17d ago on Sep 14, 2026· 42m 42s· 6 players
Game mode
Random Map
Map size
Normal (6 player)
Population
200
Speed
Normal
Resources
Standard
Victory
Conquest
Starting age
Dark Age
Ending age
Imperial Age
RankedLock teamsTeams togetherTeam positionsShared explorationLock speedFull tech treeHidden civsTurbo modeCheats
Victory
Defeat
🇰🇿 Saracens · Kazakhstan
1149
+14
🇦🇷 Mongols · Argentina
1142
+13
🇵🇪 Magyars · Peru
1137
+14
🇨🇱 Spanish · Chile
1110
-14
🇨🇦 Franks · Canada
1106
-14
🇨🇴 Bengalis · Colombia
1084
-13
No Atro
9:16 Loom
11:01 Feudal Age
12:17 Loom
17:22 Castle Age
16:55 Forging
16:59 Double-Bit Axe
32:39 Wheelbarrow
34:01 Iron Casting
35:09 Scale Barding Armor
35:46 Bow Saw
42:54 Imperial Age
41:32 Husbandry
41:56 Chain Barding Armor
43:20 Ballistics
42:53 Fletching
Sirsoberbio
12:37 Feudal Age
10:58 Loom
12:43 Feudal Age
17:02 Castle Age
15:18 Double-Bit Axe
18:41 Pikeman
29:18 Gold Mining
29:12 Horse Collar
31:02 Heavy Plow
33:12 Wheelbarrow
32:23 Town Watch
35:16 Bow Saw
38:33 Imperial Age
41:39 Chemistry
40:43 Halberdier
tacos4life198
11:02 Feudal Age
13:31 Loom
14:34 Double-Bit Axe
18:23 Castle Age
21:43 Horse Collar
22:37 Bow Saw
24:41 Wheelbarrow
24:07 Fletching
24:17 Padded Archer Armor
25:08 Stone Mining
30:56 Ballistics
30:31 Gold Mining
32:36 Bloodlines
35:48 Heavy Plow
37:55 Bodkin Arrow
38:16 Leather Archer Armor
39:42 Paiks
yopponti
2:40 Loom
10:29 Feudal Age
20:57 Castle Age
20:35 Fletching
22:10 Medium Warships
24:09 Double-Bit Axe
26:13 Ballistics
28:03 Bodkin Arrow
29:02 Wheelbarrow
29:35 Gold Mining
30:59 Horse Collar
34:53 Imperial Age
34:24 Scale Barding Armor
34:30 Forging
34:37 Bloodlines
34:27 Husbandry
34:55 Stone Mining
36:15 Chain Barding Armor
35:32 Heavy Camel Rider
37:21 Iron Casting
38:21 Plate Barding Armor
40:58 Blast Furnace
The_Valhalla
9:06 Feudal Age
11:06 Loom
24:48 Castle Age
23:08 Scale Barding Armor
23:00 Horse Collar
24:35 Bloodlines
24:25 Double-Bit Axe
24:51 Light Cavalry
-LN- manqueo
2:55 Loom
11:06 Feudal Age
11:55 Double-Bit Axe
13:23 Arson
13:58 Man-at-Arms
16:39 Horse Collar
22:00 Castle Age
21:21 Forging
21:11 Scale Mail Armor
21:02 Fletching
21:13 Padded Archer Armor
22:07 Gold Mining
22:10 Stone Mining
22:32 Pikeman
24:39 Padded Archer Armor
25:08 Town Watch
26:03 Wheelbarrow
26:15 Squires
28:43 Iron Casting
34:33 Bodkin Arrow
34:53 Leather Archer Armor
36:58 Chain Mail Armor
37:59 Ballistics
37:49 Fortified Wall
40:16 Murder Holes
42:09 Thumb Ring
43:25 Stone Shaft Mining
Connection lost

Rejoining the realm…

Still unreachable

The connection could not be restored.

Session expired

The server has moved on; the page needs a fresh start.